 Dungeon Crawl Stone Soup version 0.29-a0-653-gd47aff6735 (webtiles) character file.

Game seed: 16493166586066561415

214 buhh the Bolt Thrower (level 6, 0/66 HPs)
             Began as a Formicid Hunter on June 22, 2022.
             Succumbed to an orc wizard's poison
             ... on level 3 of the Dungeon.
             The game lasted 00:07:00 (3532 turns).

buhh the Bolt Thrower (Formicid Hunter)             Turns: 3532, Time: 00:07:00

Health: 0/66       AC: 23    Str: 16    XL:     6   Next: 15%
Magic:  6/6        EV:  2    Int:  8    God:
Gold:   152        SH:  0    Dex: 19    Spells: 5/5 levels left

rFire   . . .      SeeInvis .   a - +1 hand crossbow
rCold   . . .      Faith    .   (no shield)
rNeg    . . .      Spirit   .   (body armour currently unavailable)
rPois   +          Reflect  .   (helmet unavailable)
rElec   .          Harm     .   (cloak currently unavailable)
rCorr   .          Rampage  .   (gloves currently unavailable)
Will    .....                   (boots currently unavailable)
Stlth   +.........              h - amulet of the acrobat
HPRegen 0.21/turn               (no ring)
MPRegen 0.10/turn               (no ring)

@: confused, mighty, lethally poisoned (0 -> -11), tree-form, invisible
A: stationary, stasis, torment immunity, boosted hp, permanent stasis, dig
shafts and tunnels, (antennae 3), four strong arms
a: no special abilities


You were on level 3 of the Dungeon.
You were a tree.
You visited 1 branch of the dungeon, and saw 4 of its levels.

You collected 152 gold pieces.

Inventory:

Hand Weapons
 a - a +1 hand crossbow (weapon)
Missiles
 l - 3 poisoned darts
Armour
 b - a +0 leather armour (melded)
Jewellery
 h - an amulet of the acrobat (around neck)
Wands
 f - a wand of flame (18)
Scrolls
 P - 4 scrolls of magic mapping {!r!d}
 T - 2 scrolls of immolation {!d}
Potions
 H - a potion of invisibility {!q!d}


   Skills:
 - Level 2.1 Fighting
 * Level 7.0 Crossbows
 - Level 1.7 Dodging
 - Level 1.2 Stealth


You had 5 spell levels left.
You didn't know any spells.
Your spell library contained the following spells:

 Spells                   Type           Power      Damage    Failure   Level
 Magic Dart               Conj           0%         1d3       41%         1
 Inner Flame              Hex/Fire       0%         N/A       78%         3
 Orb of Destruction       Conj           0%         9d5       100%        7
 Fire Storm               Conj/Fire      0%         5d1       100%        9


Dungeon Overview and Level Annotations

Branches:
Dungeon (4/15) Zot: 20396
 Temple: D:4-7

Altars:


Innate Abilities, Weirdness & Mutations

You are a tree.
Your roots penetrate the ground, keeping you stationary.
You cannot be teleported.
You are immune to unholy pain and torment.
Your maximum health is greatly increased.
Your equipment is partially melded.
You cannot be hasted, slowed, berserked, paralysed or teleported.
You can dig through walls and to a lower floor.
((You have a pair of large antennae on your head. (SInv)))
Your four strong arms can wield two-handed weapons with a shield.


Message History

It was a potion of cancellation.
Your magical effects are unravelling.
You feel magically purged.
You feel less confused.
* * * LOW HITPOINT WARNING * * *
You feel sick.
The orc wizard casts a spell.
The orc wizard flickers and vanishes for a moment.
You feel less attractive to monsters.
It was a potion of lignification.
You turn into a tree.
Your +0 leather armour melds into your body.
Your roots penetrate the ground.
* * * LOW HITPOINT WARNING * * *
You feel sick. Something hits you but does no damage.
Deactivating autopickup; reactivate with Ctrl-A.
You cannot move.
You cannot move.
You cannot move.
You are too injured to fight recklessly!
You are too injured to fight recklessly!
You are too injured to fight recklessly!
You are too injured to fight recklessly!
You are too injured to fight recklessly!
* * * LOW HITPOINT WARNING * * *
You feel sick.
You hear some strange, mumbled words.
You are confused.
It was a potion of might.
You feel very mighty all of a sudden.
* * * LOW HITPOINT WARNING * * *
You feel sick. Something hits you but does no damage.
It was a potion of invisibility.
You fade into invisibility!
H - a potion of invisibility
* * * LOW HITPOINT WARNING * * *
You feel sick. Something hits you but does no damage.
You are lethally poisoned!
It was a potion of haste.
Your stasis prevents you from being hasted.
You die...

....................##.##
..###.#..........#####..#
.####.#...######.## ##.#
..........## #..# #.#
###...##...## ##.# #.#
##....##.#..# #.#####.#
...#.....##)# #....##.#
.####.#..[.)########..#.#####
###>.....)<.....♣{.)<.......#
##..#.##.#..########........#
...##..#.#..# #>[......#
######.#.##.# #........#
#.......#### #........#
#.##...## #........#
##.##...# ##########
#..##...# ........#


There were no monsters in sight!

Vanquished Creatures
  A scorpion (D:3)
  Robin (D:3)
  4 adders
  An ufetubus (D:3)
  A dart slug (D:2)
  5 orcs (D:3)
  5 endoplasms
  5 giant cockroaches
  20 goblins
  11 hobgoblins
  6 jackals
  3 quokkas
  3 ball pythons
  7 bats
  7 frilled lizards
  7 kobolds
  5 rats
92 creatures vanquished.

Notes
Turn   | Place    | Note
-------+----------+-------------------------------------------
     0 | D:1      | buhh the Formicid Hunter began the quest for the Orb.
     0 | D:1      | Reached XP level 1. HP: 16/16 MP: 1/1
   287 | D:1      | Reached XP level 2. HP: 22/22 MP: 2/2
   587 | D:1      | Reached XP level 3. HP: 27/27 MP: 3/3
   614 | D:1      | Reached skill level 5 in Crossbows
  1227 | D:2      | Reached XP level 4. HP: 33/33 MP: 4/4
  1246 | D:2      | Noticed Robin
  1715 | D:3      | Noticed a scorpion
  1723 | D:3      | Killed a scorpion
  1724 | D:3      | Reached skill level 6 in Crossbows
  1724 | D:3      | Reached XP level 5. HP: 20/38 MP: 5/5
  2315 | D:3      | Got Sif Muna's Disquisition on Fire and Confrontation
  2445 | D:3      | Killed Robin
  2758 | D:2      | Reached XP level 6. HP: 41/44 MP: 6/6
  2820 | D:2      | Noticed a great orb of eyes
  2822 | D:2      | Found a faded altar of an unknown god.
  2824 | D:2      | Noticed a golden eye
  2824 | D:2      | Noticed a floating eye
  2824 | D:2      | Noticed a golden eye
  3514 | D:3      | Reached skill level 7 in Crossbows
  3529 | D:3      | HP: 3/66 [poisoned by an orc wizard]
  3532 | D:3      | Succumbed to an orc wizard's poison

Illustrated notes

Levels and vault maps discovered:
D:1:      shiori_arrival_maze, layout_loops_ring
D:2:      layout_loops_ring, hellmonk_ecumenical_altar_watching_god,
          kennysheep_minor_cross, minmay_distorted, uniq_robin
D:3:      layout_rooms, grunt_ministairs_8, guppyfry_early_orc_mine
D:4:      layout_loops_ring, st_stairs_9, dk_noncrumbling_4

Skill      XL: |  1  2  3  4  5  6 |
---------------+-------------------+-----
Crossbows      | 5 6 7 |  7.0
Fighting       | |  2.1
Dodging        | |  1.7
Stealth        | |  1.2

Action                   |  1- 3 |  4- 6 || total
-------------------------+-------+-------++-------
 Fire: Hand crossbow     |    94 |   176 ||   270
 Abil: Dig               |     1 |       ||     1
  Use: Scroll            |     2 |     1 ||     3
       Potion            |       |    11 ||    11
Armor: Leather armour    |     8 |    25 ||    33
       Skin              |       |     3 ||     3
Dodge: Dodged            |    23 |   107 ||   130

Table legend: (Time is in decaauts)
 A = Elapsed time spent in this place.
 B = Non-inter-level travel time spent in this place.
 C = Inter-level travel time spent in this place.
 D = Time resting spent in this place.
 E = Time spent auto-exploring this place.
 F = Levels seen in this place.
 G = Mean time per level.
                   A        B        C        D        E       F      G
               +--------+--------+--------+--------+--------+-----+--------+
         Total |   3603 |   3480 |    123 |    397 |   2537 |   4 |  900.8 |
       Dungeon |   3603 |   3480 |    123 |    397 |   2537 |   4 |  900.8 |
               +--------+--------+--------+--------+--------+-----+--------+

Top non-repeatable levels by time:
     D:3: 1687 daAuts
     D:1: 957 daAuts
     D:2: 936 daAuts
     D:4: 22 daAuts
